 Dungeon Crawl Stone Soup version 0.32-a0-995-gb4a59205af (webtiles) character file.

Game seed: 2929588298301015074

470 horus123 the Digger (level 6, -2/41 HPs)
             Began as a Demonspawn Earth Elementalist on Apr 22, 2024.
             Slain by a ball python (3 damage)
             ... on level 4 of the Dungeon.
             The game lasted 00:04:18 (3470 turns).

horus123 the Digger (Demonspawn Earth Elementalist) Turns: 3470, Time: 00:04:18

Health: -2/41      AC:  4    Str:  9    XL:     6   Next: 82%
Magic:  7/12       EV:  1    Int: 17    God:
Gold:   290        SH:  0    Dex: 13    Spells: 9/13 levels left

rFire   . . .        d - +0 club
rCold   . . .        (no shield)
rNeg    . . .        a - +0 robe
rPois   .            (no helmet)
rElec   .            (no cloak)
rCorr   .            (no gloves)
SInv    +            (no boots)
Will    .....        (no amulet)
Stlth   ++           g - ring of see invisible
HPRegen 0.26/turn    (no ring)
MPRegen 0.13/turn

%: no passive effects
@: constricted
A: icy blue scales 1
a: no special abilities


You were on level 4 of the Dungeon.
You visited 1 branch of the dungeon, and saw 4 of its levels.

You collected 290 gold pieces.

Inventory:

Hand Weapons
 d - a +0 club (weapon)
Armour
 a - a +0 robe (worn)
Jewellery
 g - a ring of see invisible (left hand)
 l - a ring of ice
 n - a ring of ice
Scrolls
 e - 4 scrolls of identify {unknown}
 k - 2 scrolls of teleportation {unknown}
 m - a scroll of fog {unknown}
 p - a scroll of immolation {unknown}
 r - 2 scrolls of revelation {unknown}
 s - 2 scrolls of poison {unknown}
Potions
 b - a potion of magic
 c - a potion of cancellation {unknown}
 f - a potion of brilliance {unknown}
 h - a potion of degeneration {unknown}
 i - a potion of mutation {unknown}
 j - a potion of heal wounds {unknown}
 o - a potion of curing {unknown}
 q - 2 potions of berserk rage {unknown}


   Skills:
 - Level 1.7 Dodging
 - Level 1.7 Stealth
 - Level 4.0 Spellcasting
 - Level 1.0 Conjurations
 + Level 6.2 Earth Magic


You had 9 spell levels left.
You knew the following spells:

 Your Spells              Type           Power      Damage    Failure   Level
a - Sandblast             Erth           48%        2d12      1%          1
b - Stone Arrow           Conj/Erth      30%        3d8       11%         3

Your spell library contained the following spells:

 Spells                   Type           Power      Damage    Failure   Level
 Passwall                 Erth           24%        N/A       3%          3
 Mercury Vapours          Alch/Air       6%         N/A       24%         2
 Brom's Barrelling Bould  Conj/Erth      15%        2d4       34%         4
 Mephitic Cloud           Conj/Alch/Air  4%         N/A       38%         3
 Petrify                  Alch/Erth      13%        N/A       41%         4
 Freezing Cloud           Conj/Ice/Air   2%         6-21      98%         5


Dungeon Overview and Level Annotations

Branches:
Dungeon (4/15)
 Temple: D:4-7

Altars:

Shops:
D:2 =


Innate Abilities, Weirdness & Mutations

You are partially covered in icy blue scales. (AC +2)


Message History

You kill the kobold!
The kobold hits you but does no damage.
The ball python bites you but does no damage.
The ball python barely misses you. The kobold misses you.
The blast of sand misses the iguana.
The ball python bites you but does no damage. x2
The ball python barely misses you. The kobold misses you.
The iguana hisses menacingly.
The iguana bites you!
The blast of sand hits the iguana!
The iguana is moderately wounded.
The ball python misses you. The ball python barely misses you.
The kobold hits you but does no damage. The iguana bites you.
The ball python bites you. The ball python grabs you.
The ball python constricts you. The kobold hits you with a +0 club.
The iguana bites you.
Aiming: Sandblast (safe; 1% risk of failure)
Press: ? - help, Q - select action, (/) - cycle Shift-Dir - straight line, f/p - iguana
Aim: an iguana (moderately wounded, 85% to hit)
The blast of sand hits the iguana.
The iguana is severely wounded.
The ball python bites you but does no damage.
The ball python constricts you. The kobold hits you with a +0 club.
The iguana bites you!
* * * LOW HITPOINT WARNING * * *
The ball python bites you.
* * * LOW HITPOINT WARNING * * *
The ball python constricts you.
* * * LOW HITPOINT WARNING * * *
Unknown command.
Aiming: Sandblast (safe; 1% risk of failure)
Press: ? - help, Q - select action, (/) - cycle Shift-Dir - straight line, f/p - iguana
Aim: an iguana (severely wounded, 85% to hit)
The blast of sand hits the iguana!
You kill the iguana!
The ball python bites you but does no damage.
The ball python constricts you. The kobold hits you with a +0 club.
* * * LOW HITPOINT WARNING * * *
The ball python bites you.
You die...

#......>..........#
#.................#
#.................#
................#
#.###...........#
#.............###
#.......###.......#
#.#.###.#.#.##.##..
#... ##)S@#.#...
### #..#K##.# ... #
## .# .. !. . ##


You could see a ball python and a kobold.

Vanquished Creatures
  Sigmund (D:2)
  A scorpion (D:4)
  A bombardier beetle (D:3)
  Jessica (D:2)
  2 iguanas (D:4)
  Natasha (twice) (D:2)
  3 adders
  A white imp (D:3)
  2 ribbon worms (D:2)
  4 dart slugs
  An orc (D:3)
  4 endoplasms
  4 giant cockroaches
  3 goblins
  4 hobgoblins
  10 jackals
  6 kobolds
  2 quokkas
  8 ball pythons
  4 bats
  2 frilled lizards (D:1)
  2 goblin skeletons (D:3)
  A goblin zombie (D:3)
  A hobgoblin zombie (D:3)
  A kobold zombie (D:3)
  3 orc skeletons (D:3)
  2 orc zombies (D:3)
  8 rats
84 creatures vanquished.

Notes
Turn   | Place    | Note
-------+----------+-------------------------------------------
     0 | D:1      | horus123 the Demonspawn Earth Elementalist began the quest
                  | for the Orb.
     0 | D:1      | Reached XP level 1. HP: 13/13 MP: 3/3
   156 | D:1      | Gained mutation: You are partially covered in icy blue
                  | scales. (AC +2) [demonic ancestry]
   156 | D:1      | Reached XP level 2. HP: 19/19 MP: 2/5
   574 | D:1      | Reached XP level 3. HP: 24/24 MP: 4/7
  1093 | D:2      | Noticed Sigmund
  1102 | D:2      | Killed Sigmund
  1103 | D:2      | Reached skill level 4 in Earth Magic
  1103 | D:2      | Reached XP level 4. HP: 14/30 MP: 2/10
  1103 | D:2      | Reached XP level 5. HP: 16/35 MP: 2/11
  1451 | D:2      | Found Joastrema's Jewellery Boutique.
  1466 | D:2      | Noticed Jessica
  1468 | D:2      | Killed Jessica
  1714 | D:2      | Noticed Natasha
  1717 | D:2      | Killed Natasha
  1718 | D:2      | Reached skill level 5 in Earth Magic
  1718 | D:2      | Reached XP level 6. HP: 41/41 MP: 9/12
  2437 | D:2      | Noticed Natasha
  2439 | D:2      | Killed Natasha
  3130 | D:4      | Learned a level 3 spell: Stone Arrow
  3157 | D:4      | Reached skill level 6 in Earth Magic
  3470 | D:4      | HP: 1/41 [kobold/+0 club (2)]
  3470 | D:4      | Slain by a ball python

Illustrated notes

Levels and vault maps discovered:
D:1:      wander_arrival_peaceful_grave, layout_rooms,
          wander_ebering_terrifying_dragon_lair
D:2:      layout_basic, serial_shops, shop, serial_bayou_lagoon_a, uniq_jessica,
          uniq_sigmund, uniq_natasha
D:3:      layout_loops_corners, nicolae_tso_besieged_by_evil
D:4:      layout_basic, grunt_ministairs_1, minmay_pentomino_pile

Skill      XL: |  1  2  3  4  5  6 |
---------------+-------------------+-----
Spellcasting   | 3 4 |  4.0
Earth Magic    | 4 5 6 |  6.2
Dodging        | |  1.7
Stealth        | |  1.7
Conjurations   | |  1.0

Action                     |  1- 3 |  4- 6 || total
---------------------------+-------+-------++-------
  Melee: Club              |     2 |    11 ||    13
   Cast: Sandblast         |    50 |    78 ||   128
 Armour: Robe              |    21 |    44 ||    65
  Dodge: Dodged            |    11 |    31 ||    42

Table legend: (Time is in decaauts)
 A = Elapsed time spent in this place.
 B = Non-inter-level travel time spent in this place.
 C = Inter-level travel time spent in this place.
 D = Time resting spent in this place.
 E = Time spent auto-exploring this place.
 F = Levels seen in this place.
 G = Mean time per level.
                   A        B        C        D        E       F      G
               +--------+--------+--------+--------+--------+-----+--------+
         Total |   3546 |   3462 |     84 |     82 |   2845 |   4 |  886.5 |
       Dungeon |   3546 |   3462 |     84 |     82 |   2845 |   4 |  886.5 |
               +--------+--------+--------+--------+--------+-----+--------+

Top non-repeatable levels by time:
     D:2: 1287 daAuts
     D:1: 936 daAuts
     D:3: 930 daAuts
     D:4: 392 daAuts
